TOP OF THE 1ST |
Kansas City Royals batting - Pitching for Cleveland Indians : RHP Anibal Sanchez
|
Pitching: RHP Anibal Sanchez
|
|
Batting: LHB Odubel Herrera
|
0-0: Ball 1-0: Ball 2-0: Fly out, F9 (Flyball, 89XD, EV 101.3 MPH)
|
Batting: LHB Jesse Winker
|
0-0: Ball 1-0: Foul Ball, location: 2F 1-1: Ground out 6-3 (Groundball, 4MS, EV 84.4 MPH)
|
Batting: RHB Nolan Arenado
|
0-0: Ground out 6-3 (Groundball, 6, EV 104.4 MPH)
|
Top of the 1st over - 0 runs, 0 hits, 0 errors, 0 left on base; Kansas City 0 - Cleveland 0 |
BOTTOM OF THE 1ST |
Cleveland Indians batting - Pitching for Kansas City Royals : LHP Chris Sale
|
Pitching: LHP Chris Sale
|
|
Batting: RHB Steven Souza Jr.
|
0-0: SINGLE (Groundball, 6MD, EV 104.4 MPH)
|
Batting: LHB Adam Frazier
|
0-0: Swinging Strike 0-1: Foul Ball, location: 2F 0-2: Fly out, F7 (Flyball, 7LD, EV 106.9 MPH)
|
Batting: RHB J.D. Martinez
|
0-0: Foul Ball, location: 2F 0-1: Ball 1-1: Ball 2-1: Swinging Strike 2-2: Foul Ball, location: 2F 2-2: Strikes out swinging
|
Batting: LHB Matt Carpenter
|
0-0: Called Strike 0-1: Ball 1-1: DOUBLE (Line Drive, 9LM, EV 106.9 MPH) Steven Souza Jr. to third Runner from 3rd tries for Home, SAFE, no throw by RF
|
Batting: RHB Matt Chapman
|
0-0: Ball 1-0: Foul Ball, location: 2F 1-1: Fly out, F7 (Flyball, 7LS, EV 90.0 MPH)
|
Bottom of the 1st over - 1 run, 2 hits, 0 errors, 1 left on base; Kansas City 0 - Cleveland 1 |
TOP OF THE 2ND |
Kansas City Royals batting - Pitching for Cleveland Indians : RHP Anibal Sanchez
|
Batting: SHB Jurickson Profar
|
0-0: Called Strike 0-1: Foul Ball, location: 2F 0-2: Strikes out swinging
|
Batting: LHB Lonnie Chisenhall
|
0-0: Ground out 6-3 (Groundball, 6, EV 81.9 MPH)
|
Batting: LHB Ronald Guzman
|
0-0: Called Strike 0-1: Ball 1-1: Swinging Strike 1-2: Strikes out swinging
|
Top of the 2nd over - 0 runs, 0 hits, 0 errors, 0 left on base; Kansas City 0 - Cleveland 1 |
BOTTOM OF THE 2ND |
Cleveland Indians batting - Pitching for Kansas City Royals : LHP Chris Sale
|
Batting: RHB Marcus Semien
|
0-0: Foul Ball, location: 2F 0-1: Called Strike 0-2: Foul Ball, location: 2F 0-2: Foul Ball, location: 2F 0-2: Foul Ball, location: 2F 0-2: SINGLE (Groundball, 6D, EV 105.0 MPH)
|
Batting: RHB Mitch Garver
|
0-0: Called Strike 0-1: Ball 1-1: Swinging Strike 1-2: DOUBLE (Groundball, 5L, EV 101.9 MPH) Marcus Semien to third
|
Batting: RHB Jung-ho Kang
|
0-0: Ball 1-0: Called Strike 1-1: Foul Ball, location: 2F 1-2: Ball 2-2: Ball 3-2: Strikes out swinging
|
Batting: LHB Stephen Vogt
|
0-0: Ground out 4-3 (Groundball, 4, EV 95.6 MPH) Marcus Semien scores Mitch Garver to third
|
Batting: RHB Steven Souza Jr.
|
0-0: Called Strike 0-1: Reached on error, E6 (Groundball, 6, EV 86.3 MPH) Mitch Garver scores
|
Batting: LHB Adam Frazier
|
0-0: Ball 1-0: Called Strike 1-1: Foul Ball, location: 2F 1-2: Ball 2-2: Foul Ball, location: 2F 2-2: SINGLE (Groundball, 56D, EV 104.4 MPH) Steven Souza Jr. to second Steven Souza Jr. to third
|
Batting: RHB J.D. Martinez
|
0-0: Ball 1-0: Ball 2-0: Ball 3-0: 3-RUN HOME RUN (Flyball, 7LD, EV 103.8 MPH), Distance : 343 ft
|
Batting: LHB Matt Carpenter
|
0-0: Called Strike 0-1: SINGLE (Line Drive, 34D, EV 104.4 MPH)
|
Batting: RHB Matt Chapman
|
0-0: Called Strike 0-1: Ball Passed Ball! Matt Carpenter to second 1-1: Foul Ball, location: 2F 1-2: Ball 2-2: Fly out, F7 (Line Drive, 7, EV 92.5 MPH)
|
Bottom of the 2nd over - 5 runs, 5 hits, 1 error, 1 left on base; Kansas City 0 - Cleveland 6 |
TOP OF THE 3RD |
Kansas City Royals batting - Pitching for Cleveland Indians : RHP Anibal Sanchez
|
Batting: RHB Tyler Flowers
|
0-0: Called Strike 0-1: Swinging Strike 0-2: Foul Ball, location: 2F 0-2: Strikes out swinging
|
Batting: RHB Dansby Swanson
|
0-0: Fly out, F8 (Flyball, 8LXD, EV 101.3 MPH)
|
Batting: SHB Niko Goodrum
|
0-0: Ground out 4-3 (Groundball, 4S, EV 70.0 MPH)
|
Top of the 3rd over - 0 runs, 0 hits, 0 errors, 0 left on base; Kansas City 0 - Cleveland 6 |
BOTTOM OF THE 3RD |
Cleveland Indians batting - Pitching for Kansas City Royals : LHP Chris Sale
|
Batting: RHB Marcus Semien
|
0-0: Fly out, F5 (Line Drive, 5, EV 68.1 MPH)
|
Batting: RHB Mitch Garver
|
0-0: Ball 1-0: Called Strike 1-1: Ground out 4-3 (Groundball, 4M, EV 79.4 MPH)
|
Batting: RHB Jung-ho Kang
|
0-0: Called Strike 0-1: Ball 1-1: Called Strike 1-2: Fly out, F9 (Flyball, 9D, EV 100.6 MPH)
|
Bottom of the 3rd over - 0 runs, 0 hits, 0 errors, 0 left on base; Kansas City 0 - Cleveland 6 |
TOP OF THE 4TH |
Kansas City Royals batting - Pitching for Cleveland Indians : RHP Anibal Sanchez
|
Batting: LHB Odubel Herrera
|
0-0: Called Strike 0-1: Ground out 4-3 (Groundball, 4M, EV 96.9 MPH)
|
Batting: LHB Jesse Winker
|
0-0: Ball 1-0: Called Strike 1-1: Ground out U3 (Groundball, 34, EV 94.4 MPH)
|
Batting: RHB Nolan Arenado
|
0-0: Ball 1-0: Foul Ball, location: 2F 1-1: Ball 2-1: DOUBLE (Line Drive, 78M, EV 96.3 MPH)
|
Batting: SHB Jurickson Profar
|
0-0: Ball 1-0: Ball 2-0: Swinging Strike 2-1: Ball 3-1: Base on Balls
|
Batting: LHB Lonnie Chisenhall
|
0-0: Fly out, F4 (Line Drive, 4, EV 66.3 MPH)
|
Top of the 4th over - 0 runs, 1 hit, 0 errors, 2 left on base; Kansas City 0 - Cleveland 6 |
BOTTOM OF THE 4TH |
Cleveland Indians batting - Pitching for Kansas City Royals : LHP Chris Sale
|
Batting: LHB Stephen Vogt
|
0-0: DOUBLE (Line Drive, 7LS, EV 92.5 MPH)
|
Batting: RHB Steven Souza Jr.
|
0-0: Called Strike 0-1: Ball 1-1: SINGLE (Flyball, 5D, EV 100.0 MPH) Stephen Vogt to third Runner from 3rd tries for Home, SAFE, throw by LF to home
|
Pitching: LHP Richard Bleier
|
|
Batting: LHB Adam Frazier
|
0-0: Called Strike 0-1: Ball 1-1: Ball 2-1: Ball 3-1: SINGLE (Line Drive, 4M, EV 96.3 MPH) Steven Souza Jr. to second
|
Batting: RHB J.D. Martinez
|
0-0: Foul Ball, location: 2F 0-1: Ball 1-1: Swinging Strike 1-2: Foul Ball, location: 2F 1-2: Strikes out swinging
|
Batting: LHB Matt Carpenter
|
0-0: Called Strike 0-1: Foul Ball, location: 2F 0-2: Foul Ball, location: 2F 0-2: Strikes out looking
|
Batting: RHB Matt Chapman
|
0-0: Called Strike 0-1: Fly out, F8 (Flyball, 8LM, EV 86.3 MPH)
|
Bottom of the 4th over - 1 run, 3 hits, 0 errors, 2 left on base; Kansas City 0 - Cleveland 7 |
TOP OF THE 5TH |
Kansas City Royals batting - Pitching for Cleveland Indians : RHP Anibal Sanchez
|
Batting: LHB Ronald Guzman
|
0-0: SOLO HOME RUN (Flyball, 9D, EV 102.5 MPH), Distance : 380 ft
|
Batting: RHB Tyler Flowers
|
0-0: Ball 1-0: Ball 2-0: Called Strike 2-1: Foul Ball, location: 2F 2-2: Ball 3-2: Foul Ball, location: 2F 3-2: Strikes out swinging
|
Batting: RHB Dansby Swanson
|
0-0: Called Strike 0-1: Ball 1-1: Ball 2-1: Foul Ball, location: 2F 2-2: Fly out, F7 (Line Drive, 7, EV 93.1 MPH)
|
Batting: SHB Niko Goodrum
|
0-0: Fly out, F9 (Flyball, 9D, EV 93.8 MPH)
|
Top of the 5th over - 1 run, 1 hit, 0 errors, 0 left on base; Kansas City 1 - Cleveland 7 |
BOTTOM OF THE 5TH |
Cleveland Indians batting - Pitching for Kansas City Royals : LHP Richard Bleier
|
Batting: RHB Marcus Semien
|
0-0: Ball 1-0: Called Strike 1-1: Ball 2-1: Ball 3-1: Foul Ball, location: 2F 3-2: SINGLE (Groundball, 56D, EV 95.0 MPH)
|
Batting: RHB Mitch Garver
|
0-0: Ball 1-0: Called Strike 1-1: SINGLE (Line Drive, 6MD, EV 95.0 MPH) Marcus Semien to second
|
Pitching: RHP Silvino Bracho
|
|
Batting: RHB Jung-ho Kang
|
0-0: SINGLE (Groundball, 6D, EV 103.8 MPH) Marcus Semien to third Mitch Garver to second
|
Batting: LHB Stephen Vogt
|
0-0: Fielders Choice at 2nd, 4-6 (Groundball, 34, EV 105.6 MPH) Marcus Semien scores Mitch Garver to third
|
Batting: RHB Steven Souza Jr.
|
0-0: Called Strike 0-1: Foul Ball, location: 2F 0-2: SINGLE (Flyball, 9S, EV 93.1 MPH) Mitch Garver scores Stephen Vogt to second
|
Batting: LHB Adam Frazier
|
0-0: 3-RUN HOME RUN (Flyball, 89XD, EV 88.8 MPH), Distance : 390 ft
|
Batting: RHB J.D. Martinez
|
0-0: Ball 1-0: Foul Ball, location: 2F 1-1: Ball 2-1: Foul Ball, location: 2F 2-2: Fly out, F9 (Line Drive, 9, EV 85.6 MPH)
|
Batting: LHB Matt Carpenter
|
0-0: Ball 1-0: Called Strike 1-1: Foul Ball, location: 2F 1-2: Ball 2-2: Ball 3-2: Foul Ball, location: 2F 3-2: Base on Balls
|
Batting: RHB Matt Chapman
|
0-0: Called Strike 0-1: Ball 1-1: Foul Ball, location: 2F 1-2: Foul Ball, location: 2F 1-2: Ball 2-2: Ball 3-2: Foul Ball, location: 2F 3-2: Strikes out looking
|
Bottom of the 5th over - 5 runs, 5 hits, 0 errors, 1 left on base; Kansas City 1 - Cleveland 12 |
TOP OF THE 6TH |
Kansas City Royals batting - Pitching for Cleveland Indians : RHP Anibal Sanchez
|
Batting: LHB Odubel Herrera
|
0-0: Called Strike 0-1: Ball 1-1: Ball 2-1: Ball 3-1: Fly out, F7 (Flyball, 7S, EV 76.9 MPH)
|
Batting: LHB Jesse Winker
|
0-0: Swinging Strike 0-1: Called Strike 0-2: Strikes out swinging
|
Batting: RHB Nolan Arenado
|
0-0: Ball 1-0: Ball 2-0: Ball 3-0: Called Strike 3-1: Called Strike 3-2: Base on Balls
|
Batting: SHB Jurickson Profar
|
0-0: Ball 1-0: Ball 2-0: Foul Ball, location: 2F 2-1: Ball 3-1: Foul Ball, location: 2F 3-2: Strikes out swinging
|
Top of the 6th over - 0 runs, 0 hits, 0 errors, 1 left on base; Kansas City 1 - Cleveland 12 |
BOTTOM OF THE 6TH |
Cleveland Indians batting - Pitching for Kansas City Royals : RHP Silvino Bracho
|
Pitching: RHP Mark Montgomery
|
|
Batting: RHB Marcus Semien
|
0-0: Ball 1-0: Called Strike 1-1: SINGLE (Groundball, 6MD, EV 105.0 MPH)
|
Batting: RHB Mitch Garver
|
0-0: Ball 1-0: Fielders Choice at 2nd, 1-6 (Groundball, 34S, EV 75.6 MPH)
|
Batting: RHB Jung-ho Kang
|
0-0: Called Strike 0-1: Ball 1-1: SINGLE (Line Drive, 8LS, EV 100.6 MPH) Mitch Garver to second
|
Batting: LHB Stephen Vogt
|
0-0: Ball 1-0: Ball 2-0: Foul Ball, location: 2F 2-1: 3-RUN HOME RUN (Flyball, 9D, EV 100.0 MPH), Distance : 368 ft
|
Batting: RHB Steven Souza Jr.
|
0-0: Ball 1-0: Swinging Strike 1-1: Ball 2-1: Called Strike 2-2: Strikes out swinging
|
Batting: LHB Adam Frazier
|
0-0: Swinging Strike 0-1: Foul Ball, location: 2F 0-2: Foul Ball, location: 2F 0-2: Ball 1-2: Strikes out swinging
|
Bottom of the 6th over - 3 runs, 3 hits, 0 errors, 0 left on base; Kansas City 1 - Cleveland 15 |
TOP OF THE 7TH |
Kansas City Royals batting - Pitching for Cleveland Indians : RHP Anibal Sanchez
|
Batting: LHB Lonnie Chisenhall
|
0-0: Called Strike 0-1: Foul Ball, location: 2F 0-2: Ball 1-2: Strikes out swinging
|
Batting: LHB Ronald Guzman
|
0-0: Ball 1-0: SINGLE (Groundball, 3S, EV 78.8 MPH) (infield hit)
|
Batting: RHB Tyler Flowers
|
0-0: Ball 1-0: Grounds into double play, 6-4-3 (Groundball, 6, EV 106.3 MPH)
|
Top of the 7th over - 0 runs, 1 hit, 0 errors, 0 left on base; Kansas City 1 - Cleveland 15 |
BOTTOM OF THE 7TH |
Cleveland Indians batting - Pitching for Kansas City Royals : RHP Mark Montgomery
|
Pitching: RHP Matt Adams
|
|
Batting: RHB J.D. Martinez
|
0-0: Ball 1-0: Ball 2-0: Foul Ball, location: 2F 2-1: Foul Ball, location: 2F 2-2: Strikes out swinging, 2-3 out at first.
|
Batting: LHB Matt Carpenter
|
0-0: Foul Ball, location: 2F 0-1: Foul Ball, location: 2F 0-2: Ball 1-2: Ball 2-2: Fly out, F8 (Flyball, 8RM, EV 91.3 MPH)
|
Batting: RHB Matt Chapman
|
0-0: Fly out, F8 (Line Drive, 8RM, EV 102.5 MPH)
|
Bottom of the 7th over - 0 runs, 0 hits, 0 errors, 0 left on base; Kansas City 1 - Cleveland 15 |
TOP OF THE 8TH |
Kansas City Royals batting - Pitching for Cleveland Indians : RHP Anibal Sanchez
|
Batting: RHB Dansby Swanson
|
0-0: Foul Ball, location: 2F 0-1: Ball 1-1: Foul Ball, location: 2F 1-2: Strikes out swinging
|
Pitching: RHP Brad Brach
|
|
Batting: SHB Niko Goodrum
|
0-0: Ball 1-0: Called Strike 1-1: Called Strike 1-2: Ball 2-2: Foul Ball, location: 2F 2-2: Ball 3-2: Strikes out swinging
|
Batting: LHB Odubel Herrera
|
0-0: Swinging Strike 0-1: Ball 1-1: Ball 2-1: Foul Ball, location: 2F 2-2: Foul Ball, location: 2F 2-2: Fly out, F7 (Flyball, 7LSF, EV 85.6 MPH)
|
Top of the 8th over - 0 runs, 0 hits, 0 errors, 0 left on base; Kansas City 1 - Cleveland 15 |
BOTTOM OF THE 8TH |
Cleveland Indians batting - Pitching for Kansas City Royals : RHP Matt Adams
|
Batting: RHB Marcus Semien
|
0-0: Foul Ball, location: 2F 0-1: Ball 1-1: Ball 2-1: Ball 3-1: Base on Balls
|
Batting: RHB Mitch Garver
|
0-0: Called Strike 0-1: Swinging Strike 0-2: Ball 1-2: Fly out, F9 (Flyball, 9, EV 86.3 MPH)
|
Batting: RHB Jung-ho Kang
|
0-0: Ball 1-0: Ball 2-0: Ball Wild Pitch! Marcus Semien to second 3-0: Called Strike 3-1: Foul Ball, location: 2F 3-2: Ground out 6-3 (Groundball, 6, EV 85.6 MPH)
|
Batting: LHB Stephen Vogt
|
0-0: Ball 1-0: Fly out, F9 (Line Drive, 9D, EV 96.9 MPH)
|
Bottom of the 8th over - 0 runs, 0 hits, 0 errors, 1 left on base; Kansas City 1 - Cleveland 15 |
TOP OF THE 9TH |
Kansas City Royals batting - Pitching for Cleveland Indians : RHP Brad Brach
|
Batting: LHB Jesse Winker
|
0-0: Ball 1-0: Ball 2-0: Called Strike 2-1: Ball 3-1: Swinging Strike 3-2: SINGLE (Flyball, 9S, EV 90.6 MPH)
|
Batting: RHB Nolan Arenado
|
0-0: Ball 1-0: Called Strike 1-1: Foul Ball, location: 2F 1-2: SINGLE (Line Drive, 34D, EV 103.8 MPH) Jesse Winker to second
|
Batting: SHB Jurickson Profar
|
0-0: Ball 1-0: Ball 2-0: Called Strike 2-1: Called Strike 2-2: Ball 3-2: SINGLE (Groundball, 6D, EV 103.8 MPH) Jesse Winker to third Nolan Arenado to second
|
Pitching: RHP Domingo German
|
|
Pinch Hitting: RHB Bryce Brentz
|
0-0: Called Strike 0-1: Ball 1-1: Called Strike 1-2: Ball 2-2: Ball 3-2: Fly out, F9 (Flyball, 89M, EV 96.3 MPH) Runner from 3rd tags up, SCORES, no throw by RF
|
Batting: LHB Ronald Guzman
|
0-0: Ball 1-0: Ball 2-0: Fly out, F4 (Popup, 4, EV 66.9 MPH)
|
Batting: RHB Tyler Flowers
|
0-0: Ball 1-0: Fielders Choice at 2nd, 6-4 (Groundball, 6, EV 87.5 MPH)
|
Top of the 9th over - 1 run, 3 hits, 0 errors, 2 left on base; Kansas City 2 - Cleveland 15 |
|